 Dungeon Crawl Stone Soup version 0.30.1-9-gdf580d7c3d (webtiles) character file.

Game seed: 16900263835211359661

10 Peloso the Shield-Bearer (level 2, 24/24 HPs)
             Began as a Minotaur Fighter on Sept 26, 2023.
             Got out of the dungeon alive.
             The game lasted 00:00:52 (749 turns).

Peloso the Shield-Bearer (Minotaur Fighter)          Turns: 749, Time: 00:00:53

Health: 24/24      AC:  7    Str: 20    XL:     2   Next: 10%
Magic:  1/1        EV:  9    Int:  5    God:
Gold:   52         SH:  4    Dex:  9    Spells: 1/1 levels left

rFire   . . .        a - +0 long sword
rCold   . . .        c - +0 buckler
rNeg    . . .        b - +0 scale mail
rPois   .            (helmet restricted)
rElec   .            (no cloak)
rCorr   .            (no gloves)
SInv    .            (no boots)
Will    .....        (no amulet) Stlth
                     l - ring of flight
HPRegen 0.24/turn    (no ring)
MPRegen 0.07/turn

%: no passive effects
@: flying
A: horns 2, retaliatory headbutt, deterioration 1, frail 1
a: no special abilities


You escaped.
You visited 1 branch of the dungeon, and saw 1 of its levels.

You collected 52 gold pieces.

Inventory:

Hand Weapons
 a - a +0 long sword (weapon)
Armour
 b - a +0 scale mail (worn)
 c - a +0 buckler (worn)
Jewellery
 j - a ring of wizardry
 l - a ring of flight (left hand)
Scrolls
 f - a scroll of fear
 k - a scroll of fog
Potions
 d - a potion of might
 i - a potion of heal wounds {unknown}
 m - a potion of attraction {unknown}
 o - a potion of magic {unknown}


   Skills:
 + Level 3.7 Fighting
 + Level 2.6 Long Blades
 + Level 3.9 Armour
 + Level 3.9 Shields


You had one spell level left.
You didn't know any spells.
Your spell library was empty.

Dungeon Overview and Level Annotations

Branches:
Dungeon (1/15)

Altars:


Innate Abilities, Weirdness & Mutations

You have a pair of horns on your head.
You reflexively headbutt those who attack you in melee.
Your body sometimes deteriorates upon taking damage.
You are frail. (-10% HP)


Message History

You slash the hobgoblin!
You kill the hobgoblin!
A bat comes into view.
The bat moves out of view.
The bat hits you but does no damage.
A bat is nearby!
A bat is nearby!
You hit the bat but do no damage. Your headbutt misses the bat.
The bat closely misses you. You furiously retaliate!
You headbutt the bat.
You kill the bat!
You now have 52 gold pieces (gained 13).
o - a blue potion
There is a stone staircase leading down here.
You see here a +0 short sword.
Done exploring.
Done exploring.
Done exploring.
Done exploring.
You fly up into the air.
l - a ring of flight (left hand)
As you read the scroll labelled BADOMA HUMI, it crumbles to dust.
You assume a fearsome visage.
Nothing appears to happen.
It was a scroll of fear.
As you read the scroll labelled JIXEQ PUYVEA, it crumbles to dust.
It is a scroll of identify.
k - a scroll of fog
As you read the scroll labelled YLORGH SYEXEULUPP, it crumbles to dust.
You feel strangely unstable.
It was a scroll of teleportation.
As you read the scroll labelled OMAYTU ACIEZ, it crumbles to dust.
You feel momentarily disoriented.
It was a scroll of magic mapping.
You start waiting.
Your surroundings suddenly seem different.
It was a potion of mutation.
You feel extremely strange.
You feel frail.
You feel yourself wasting away.
(D) Dungeon
Where to? (? - help)
What level of the Dungeon? (default 1, ? - help)
There is a staircase leading out of the dungeon here.
Are you sure you want to leave the Dungeon?
This will make you lose the game!
You have escaped!

#.# #.##.###############.. #.#
#.##...######.....#### #.#
#.###......##.....#
#.####.#.....##........#
###......##...#####......# ##
#.....####..#..####......# .#
#.....#...........#......#### .#
#.....#...........#......'...
.####.....#.⌠...@...⌠.#......####
....'.....#...........#......# ##
.##.#.....#...........#......###.
.##.#.....##..#####..##......##..
.##.#.....##...# #...##......##.#
.##.##'#####...###...##..######.#
.##.##.######...#...###..###....#
............##.....####..##..####
#....#..................>...## #


There were no monsters in sight!

Vanquished Creatures
  2 bats (D:1)
  A giant cockroach (D:1)
  A goblin (D:1)
  A hobgoblin (D:1)
  2 jackals (D:1)
  2 rats (D:1)
9 creatures vanquished.

Notes
Turn   | Place    | Note
-------+----------+-------------------------------------------
     0 | D:1      | Peloso the Minotaur Fighter began the quest for the Orb.
     0 | D:1      | Reached XP level 1. HP: 19/19 MP: 0/0
   457 | D:1      | Reached XP level 2. HP: 26/27 MP: 1/1
   726 | D:1      | Gained mutation: You are frail. (-10% HP) [potion of
                  | mutation]
   726 | D:1      | Gained mutation: Your body sometimes deteriorates upon
                  | taking damage. [potion of mutation]
   749 | D:$      | Got out of the dungeon alive.

Illustrated notes

Levels and vault maps discovered:
D:1:      dpeg_arrival_arbitrary_c, layout_basic,
          corexii_item_surrounded_by_moat, hangedman_decor_peaks_small

Action                     || total
---------------------------++-------
  Melee: Long sword        ||    13
    Use: Scroll            ||     4
         Potion            ||     1
 Armour: Scale mail        ||     8
  Dodge: Dodged            ||    11
  Block: Buckler           ||     2
